Map: Lightshade LE

Players

Reynor - Winner!

  • Race: Zerg Zerg
  • League: Master
  • Spawn Location: 11:00

uwuThermal (uThermal)

  • Race: Terran Terran
  • Spawn Location: 5:00

Event: DreamHack SC2 Masters 2020 Winter

VOD

Have the link to the VOD?

Description

Time

  • Played on: Nov. 3, 2020, 1:36 p.m.
  • Length: 17:58

All games in this series

Show
View Real Time Build Order
Export as new Build Order

Reynor Zerg - Winner!

Build Orders: Hatch First, Lurkers 

Get SALT Encoding   

  12  0:00  Drone  
  13  0:12  Overlord  
  13  0:17  Drone  
  14  0:30  Drone x2  
  16  0:47  Hatchery  
  15  0:50  Drone  
  15  0:54  Drone  
  17  0:58  Drone  
  18  1:09  Extractor  
  17  1:13  Spawning Pool  
  17  1:15  Drone  
  17  1:19  Drone  
  18  1:27  Drone  
  19  1:38  Drone  
  20  1:49  Drone  
  21  2:00  Queen x2  
  21  2:01  Zergling x4  
  27  2:10  Overlord  
  27  2:18  Hatchery  
  27  2:21  Drone  
  27  2:24  Drone  
  28  2:30  Spore Crawler  
  28  2:32  Drone  
  28  2:33  Drone x2  
  31  2:39  Metabolic Boost  
  31  2:43  Drone  
  32  2:48  Queen  
  34  2:53  Overlord  
  34  2:55  Drone  
  34  2:57  Drone  
  36  3:11  Drone  
  36  3:12  Drone x4  
  41  3:17  Overlord  
  41  3:24  Drone, Queen  
  44  3:30  Drone x2  
  44  3:31  Queen  
  44  3:32  Drone  
  49  3:36  Zergling x2  
  49  3:39  Drone x3  
  53  3:43  Overlord  
  53  3:47  Zergling x4  
  55  3:52  Drone  
  56  3:57  Overlord  
  56  4:02  Queen  
  58  4:14  Extractor  
  58  4:16  Zergling x4  
  59  4:19  Drone x5  
  59  4:22  Drone  
  59  4:24  Drone  
  66  4:26  Baneling Nest  
  66  4:27  Lair, Drone  
  66  4:30  Overlord  
  66  4:35  Overlord  
  66  4:40  Overlord  
  66  4:45  Overlord  
  65  4:48  Zergling x2  
  65  4:52  Spore Crawler  
  64  4:53  Queen  
  64  4:55  Zergling x10  
  64  4:56  Drone x2  
  64  4:59  Drone  
  74  5:03  Drone x2, Queen  
  74  5:06  Drone  
  79  5:09  Drone x2  
  79  5:10  Drone, Spore Crawler  
  79  5:14  Baneling x4  
  81  5:15  Drone x2  
  81  5:19  Zergling x2  
  84  5:23  Zergling x6  
  84  5:24  Overlord  
  84  5:25  Drone x2  
  84  5:26  Centrifical Hooks  
  89  5:31  Drone  
  89  5:32  Overlord  
  89  5:35  Drone, Extractor x2  
  90  5:38  Overlord  
  89  5:44  Drone x5  
  89  5:47  Hatchery  
  91  5:51  Drone x2  
  91  5:53  Evolution Chamber  
  91  5:55  Evolution Chamber, Zergling x6  
  94  6:01  Zergling x2  
  94  6:02  Zergling x4  
  94  6:03  Overlord  
  97  6:05  Drone  
  97  6:10  Zergling x4  
  98  6:16  Zergling x2  
  98  6:17  Queen  
  100  6:22  Drone x5  
  100  6:24  Zerg Melee Weapons Level 1, Zerg Ground Armor Level 1  
  105  6:27  Zergling x4  
  105  6:28  Zergling x4  
  109  6:33  Drone  
  109  6:34  Drone  
  108  6:41  Zergling x2  
  108  6:42  Overlord  
  108  6:43  Drone  
  108  6:45  Drone x3  
  108  6:46  Zergling x4  
  111  6:47  Drone  
  111  6:51  Queen  
  111  6:52  Overlord  
  113  6:54  Drone x4  
  113  6:55  Queen  
  119  7:01  Zergling x6  
  119  7:02  Queen  
  124  7:09  Zergling x4  
  124  7:14  Hatchery, Zergling x4  
  122  7:21  Zergling x6  
  112  7:22  Zergling x2  
  112  7:25  Zergling x2  
  112  7:28  Zergling x6  
  106  7:31  Zergling x2  
  106  7:34  Zergling x4  
  104  7:38  Drone  
  104  7:40  Zergling x4  
  104  7:41  Zergling x4  
  104  7:42  Drone  
  104  7:44  Drone  
  104  7:48  Baneling x5  
  104  7:49  Baneling  
  104  7:50  Drone x2  
  107  7:54  Baneling x2  
  107  7:56  Zergling x4  
  107  7:57  Baneling x2  
  109  7:59  Baneling x4  
  109  8:01  Drone  
  109  8:02  Drone  
  111  8:06  Pneumatized Carapace  
  111  8:10  Drone x2  
  113  8:16  Zergling x10  
  113  8:18  Overlord  
  113  8:19  Baneling x3  
  118  8:20  Baneling x4  
  118  8:21  Drone x10  
  118  8:24  Overlord  
  118  8:26  Drone  
  129  8:28  Zerg Melee Weapons Level 2, Zerg Ground Armor Level 2  
  129  8:30  Infestation Pit  
  129  8:32  Zergling x2  
  129  8:33  Zergling x2, Overseer  
  130  8:35  Drone  
  130  8:38  Drone  
  120  8:42  Drone x2  
  120  8:44  Overlord  
  120  8:45  Overseer  
  120  8:47  Drone x3  
  120  8:48  Drone  
  125  8:51  Drone x4  
  125  8:54  Zergling x10  
  134  8:58  Drone x2  
  134  9:01  Zergling x2  
  137  9:03  Baneling x5  
  137  9:08  Zergling x6  
  137  9:09  Extractor  
  139  9:12  Drone, Hive  
  139  9:14  Drone x4  
  138  9:17  Zergling x2  
  138  9:19  Drone  
  138  9:22  Drone, Hydralisk Den  
  140  9:25  Zergling x6  
  140  9:31  Zergling x6  
  146  9:34  Drone  
  146  9:35  Drone  
  147  9:39  Overlord  
  147  9:41  Zergling x6  
  147  9:43  Drone  
  147  9:44  Drone x4  
  154  9:46  Zergling x4  
  154  9:48  Extractor  
  154  9:49  Zergling x2  
  154  9:50  Zergling x2  
  154  9:51  Overlord  
  154  9:52  Drone x2  
  157  9:53  Drone  
  157  9:57  Overlord  
  157  9:59  Drone x3, Spore Crawler  
  160  10:02  Baneling x5  
  160  10:03  Lurker Den  
  160  10:05  Baneling x4  
  160  10:06  Zergling x8  
  163  10:08  Baneling x4  
  163  10:09  Drone x2  
  163  10:11  Extractor  
  163  10:14  Drone x3  
  163  10:16  Zergling x4  
  163  10:18  Zergling x2  
  163  10:20  Zergling x2  
  163  10:21  Zergling x2  
  167  10:25  Zergling x10  
  167  10:27  Baneling x4  
  169  10:32  Zergling x16  
  171  10:36  Zergling x4  
  171  10:40  Zergling x2  
  171  10:41  Zergling x6  
  171  10:49  Zergling x8, Hydralisk  
  165  10:52  Hydralisk  
  165  10:53  Zergling x4  
  157  11:00  Hydralisk x4  
  157  11:01  Hydralisk  
  157  11:03  Zerg Ground Armor Level 3  
  157  11:04  Zerg Missile Weapons Level 1  
  167  11:05  Drone x2  
  167  11:07  Drone  
  167  11:09  Extractor  
  167  11:10  Hydralisk  
  167  11:11  Baneling x2, Zergling x8  
  175  11:12  Baneling x3  
  175  11:16  Drone  
  176  11:19  Lurker x2  
  176  11:20  Hydralisk x2  
  176  11:24  Overlord  
  182  11:25  Overlord  
  182  11:33  Seismic Spines, Extractor  
  182  11:35  Drone x9, Overseer  
  176  11:50  Zergling x6, Hydralisk  
  176  11:51  Zergling x16  
  176  11:52  Queen  
  176  11:53  Spore Crawler  
  189  11:59  Hydralisk  
  189  12:00  Zergling x14  
  196  12:04  Extractor  
  196  12:07  Overlord  
  192  12:10  Zergling x14  
  189  12:15  Hydralisk  
  189  12:16  Zergling x4  
  189  12:19  Lurker x2  
  189  12:20  Lurker x5  
  189  12:21  Drone  
  194  12:23  Extractor  
  194  12:24  Extractor  
  194  12:25  Drone x3  
  194  12:27  Queen, Zergling x4, Hydralisk  
  194  12:28  Zergling x4  
  199  12:31  Overlord, Adaptive Talons  
  198  12:37  Zergling x2  
  198  12:39  Drone x5  
  198  12:40  Drone x2  
  198  12:59  Zerg Melee Weapons Level 3  
  198  13:00  Adrenal Glands  
  190  13:13  Hatchery  
  190  13:15  Zergling x12, Hydralisk  
  190  13:16  Zergling x10  
  197  13:22  Drone x3  
  197  13:25  Zergling x12  
  197  13:26  Zergling x4  
  199  13:28  Overseer  
  199  13:29  Hydralisk  
  199  13:30  Zergling x8  
  196  13:39  Zergling x2, Hydralisk  
  196  13:40  Zergling x10  
  200  13:45  Zergling x2, Hydralisk  
  200  13:46  Zergling x4  
  181  13:49  Hydralisk  
  181  13:53  Zergling x2  
  181  13:54  Zergling x2  
  181  14:00  Lurker x5  
  182  14:05  Hatchery, Hydralisk  
  182  14:06  Zergling x12  
  182  14:08  Lurker x3  
  190  14:10  Drone x4  
  190  14:14  Zergling x2  
  190  14:16  Zergling x4, Hydralisk  
  190  14:17  Zergling x2  
  199  14:19  Zergling x2  
  199  14:21  Hatchery, Zergling x2  
  199  14:26  Zergling x2  
  199  14:27  Extractor  
  199  14:28  Drone  
  199  14:30  Extractor  
  199  14:35  Hydralisk  
  199  14:36  Zergling x12  
  199  14:38  Zergling x2, Hydralisk  
  182  14:41  Hydralisk  
  182  14:42  Zergling x6  
  178  14:46  Hydralisk  
  178  14:47  Zergling x8  
  178  14:48  Zergling x4, Hydralisk  
  178  14:49  Zergling x2  
  178  14:52  Hydralisk x2  
  188  14:58  Hydralisk  
  188  14:59  Zergling x6  
  193  15:05  Drone x3  
  192  15:07  Extractor  
  192  15:09  Zergling x4, Hydralisk  
  192  15:10  Zergling x8  
  192  15:12  Hydralisk  
  199  15:19  Muscular Augments  
  198  15:26  Viper x4  
  199  15:44  Zergling x2  
  200  15:53  Zergling x2  
  199  16:02  Hydralisk  
  199  16:03  Zergling x22  
  196  16:14  Lurker x3  
  196  16:16  Overseer  
  199  16:24  Drone x3  
  199  16:30  Grooved Spines  
  199  16:46  Hydralisk  
  195  16:47  Zergling x18  
  195  16:48  Zergling x2, Hydralisk  
  195  16:49  Zergling x6  
  195  16:53  Hydralisk x2  
  187  16:54  Zergling x12  
  187  16:55  Zergling x18  
  187  16:59  Hydralisk  
  185  17:05  Hydralisk  
  185  17:06  Zergling x10  
  185  17:07  Zergling x2  
  190  17:11  Zergling x4  
  190  17:15  Zergling x2, Hydralisk  
  193  17:17  Baneling  
  193  17:18  Lurker x3, Baneling x7  
  193  17:21  Zergling x2  
  193  17:22  Zergling x2  
  199  17:24  Baneling x8  
  199  17:26  Baneling x5  
  196  17:35  Baneling  
  196  17:36  Baneling x5  
Show
View Real Time Build Order
Export as new Build Order

uwuThermal Terran 

Build Orders: Reaper Expand 

Get SALT Encoding   

  12  0:00  SCV  
  13  0:12  SCV  
  14  0:16  Supply Depot  
  14  0:24  SCV  
  15  0:38  SCV  
  15  0:40  Barracks  
  16  0:43  Refinery  
  16  0:50  SCV  
  17  1:02  SCV  
  18  1:14  SCV  
  19  1:27  Orbital Command, Reaper  
  20  1:39  Command Center  
  20  1:48  Supply Depot  
  20  1:53  SCV  
  21  1:59  Marine  
  22  2:05  SCV  
  22  2:08  Factory  
  23  2:17  SCV  
  23  2:21  Barracks Reactor  
  24  2:29  SCV  
  25  2:41  SCV  
  25  2:42  Command Center  
  27  2:52  Orbital Command  
  27  2:53  SCV  
  27  3:00  Starport  
  27  3:05  SCV  
  27  3:09  Refinery  
  27  3:11  Hellion  
  30  3:16  Hellion  
  30  3:18  SCV  
  33  3:21  SCV, Marine  
  35  3:30  SCV  
  35  3:33  SCV  
  37  3:36  Hellion  
  37  3:37  Hellion  
  41  3:41  Viking  
  41  3:43  SCV  
  41  3:45  SCV  
  45  3:54  Orbital Command  
  45  3:56  Factory  
  45  3:58  SCV  
  45  4:00  SCV  
  47  4:03  Hellion  
  47  4:07  Barracks Tech Lab, Hellion  
  51  4:10  Supply Depot  
  51  4:12  SCV  
  51  4:16  SCV  
  53  4:21  SCV  
  53  4:22  Supply Depot  
  54  4:24  SCV  
  54  4:28  SCV  
  54  4:29  Hellion x2  
  60  4:33  SCV  
  60  4:34  Supply Depot  
  60  4:36  SCV  
  60  4:38  Medivac  
  64  4:41  SCV  
  65  4:45  SCV  
  65  4:47  Infernal Pre-Igniter  
  65  4:48  SCV  
  65  4:49  Hellion  
  65  4:51  Hellion  
  69  4:53  SCV  
  69  4:54  Refinery  
  69  4:55  Hellion  
  69  4:58  SCV, Refinery  
  73  5:03  Armory, SCV  
  73  5:05  SCV  
  75  5:11  SCV  
  75  5:12  Hellion  
  78  5:15  Barracks Tech Lab  
  78  5:16  Hellion  
  78  5:17  SCV  
  78  5:18  Supply Depot  
  78  5:19  Supply Depot  
  78  5:21  Hellion  
  83  5:23  SCV  
  83  5:28  Orbital Command  
  84  5:31  SCV  
  84  5:34  Barracks  
  84  5:35  Barracks  
  85  5:36  Stimpack  
  85  5:39  Marine  
  85  5:40  SCV  
  87  5:43  SCV  
  92  5:50  Hellion x3  
  92  5:52  SCV  
  95  5:57  SCV  
  95  6:00  SCV  
  97  6:04  SCV  
  97  6:06  Supply Depot, Drilling Claws  
  97  6:09  Medivac  
  97  6:10  SCV  
  101  6:15  SCV  
  100  6:22  Hellion  
  100  6:26  Barracks Reactor  
  100  6:27  Engineering Bay x2  
  100  6:28  Siege Tank, Barracks Reactor  
  100  6:30  SCV x2  
  100  6:31  SCV  
  104  6:42  SCV  
  101  6:48  Widow Mine x2, Medivac, SCV  
  101  6:51  SCV  
  101  6:53  Supply Depot x2, Barracks  
  103  6:54  SCV  
  103  6:55  Marine, Barracks  
  103  7:00  Siege Tank, SCV  
  109  7:03  SCV  
  109  7:04  Refinery  
  109  7:05  Marine, Refinery, Supply Depot  
  109  7:14  Marine x3, SCV x2  
  114  7:16  SCV  
  111  7:23  Widow Mine x2  
  111  7:24  Medivac  
  111  7:25  Marine  
  111  7:26  Marine, SCV  
  111  7:27  SCV  
  119  7:32  Siege Tank, Marine  
  119  7:33  Marine  
  119  7:35  Marine  
  119  7:36  SCV  
  120  7:43  Marine x2  
  116  7:44  Widow Mine  
  116  7:45  Widow Mine, Barracks Reactor  
  116  7:46  Barracks Reactor  
  116  7:48  Command Center  
  116  7:50  Marine  
  119  7:51  Marine  
  119  7:52  Combat Shield  
  119  7:53  Marine  
  119  7:55  Terran Infantry Weapons Level 1  
  119  7:56  Terran Infantry Armor Level 1  
  119  7:57  Starport Reactor  
  121  8:01  Marine x2  
  121  8:05  Barracks  
  123  8:07  Widow Mine, Marine, Barracks  
  123  8:08  Barracks  
  123  8:09  Marine  
  123  8:10  Marine  
  128  8:15  Missile Turret  
  128  8:16  Missile Turret  
  128  8:17  Missile Turret  
  128  8:18  Marine  
  128  8:19  Marine  
  130  8:20  Widow Mine  
  130  8:21  Marine  
  130  8:26  Supply Depot  
  133  8:27  Supply Depot, Marine x3  
  133  8:28  Marine x2  
  133  8:33  Marine  
  139  8:36  Marine  
  139  8:37  Marine  
  141  8:44  Widow Mine, Supply Depot, Medivac  
  141  8:47  Marine x4  
  141  8:48  Widow Mine x2, Medivac  
  149  8:50  Marine  
  149  8:53  Barracks Tech Lab  
  149  8:54  Barracks Tech Lab, Supply Depot  
  149  8:55  Barracks Tech Lab  
  148  8:57  Marine  
  148  9:00  Marine  
  146  9:05  Marine x2  
  146  9:06  Widow Mine  
  150  9:14  Marine x2  
  150  9:15  Command Center  
  150  9:16  Marine  
  153  9:19  Thor  
  153  9:21  Marine  
  153  9:22  Medivac x2  
  153  9:23  SCV  
  163  9:26  SCV  
  163  9:28  SCV  
  163  9:29  Marine x3  
  168  9:33  Widow Mine  
  168  9:34  Widow Mine, Marine  
  168  9:35  SCV  
  172  9:41  Marine  
  172  9:43  Marine, Planetary Fortress  
  172  9:48  Marine  
  173  9:53  Marine  
  173  9:55  Widow Mine  
  173  9:56  Marauder x2, Marine  
  173  9:57  Widow Mine  
  183  10:00  Terran Infantry Weapons Level 2  
  183  10:02  Terran Infantry Armor Level 2  
  183  10:07  Thor  
  183  10:08  Supply Depot  
  183  10:10  Marine, Marauder  
  183  10:14  Marine x2, Marauder  
  192  10:20  Widow Mine x2  
  194  10:21  Marine  
  194  10:24  Marine x2  
  194  10:25  Marine  
  194  10:26  Marine, Medivac  
  195  10:35  Marine, Marauder  
  194  10:37  Command Center  
  194  10:40  Medivac, Marine x2  
  194  10:41  Marauder  
  177  10:54  Marine x3  
  177  10:55  Widow Mine, Marauder x2  
  177  10:56  Marine x2, Medivac  
  177  10:57  Marauder  
  175  11:02  Marauder, Planetary Fortress  
  175  11:03  SCV x2  
  175  11:04  SCV x2  
  181  11:07  Marine x2  
  181  11:08  Widow Mine x2  
  181  11:10  Medivac, Marine  
  190  11:14  Marine  
  190  11:16  Marauder x2  
  190  11:17  Widow Mine  
  196  11:19  Marine  
  196  11:20  Marauder  
  196  11:21  Sensor Tower  
  196  11:22  Marine  
  196  11:24  Sensor Tower  
  196  11:49  Factory, Marine  
  196  11:50  Marauder, Marine  
  196  11:51  Marauder  
  192  11:58  Command Center  
  192  11:59  Command Center  
  192  12:04  Marine  
  192  12:05  Factory Tech Lab  
  185  12:11  Marine, Marauder  
  185  12:15  Marine, Marauder  
  176  12:17  Widow Mine  
  168  12:23  Siege Tank  
  168  12:26  Terran Infantry Armor Level 3, Terran Infantry Weapons Level 3  
  168  12:27  Medivac  
  168  12:29  Marine  
  170  12:30  Marine x6, Marauder x2  
  170  12:32  Marine  
  170  12:36  Medivac, Marine  
  182  12:37  Marauder  
  182  12:38  Widow Mine  
  182  12:41  Orbital Command  
  182  12:55  Marine x4, Command Center  
  182  12:56  Siege Tank  
  182  12:57  Factory Tech Lab  
  189  13:02  Concussive Shells  
  189  13:03  Marine  
  189  13:04  Marauder x2, Marine  
  195  13:08  Marine  
  195  13:09  Marauder  
  196  13:13  Medivac, Marine  
  198  13:25  Marine  
  198  13:26  Marine, Marauder  
  198  13:27  Marine  
  198  13:28  Marine, Orbital Command x2  
  198  13:31  Command Center  
  198  13:33  Medivac  
  196  13:36  Marine x2  
  196  13:37  Marauder  
  192  13:46  Marine x2, Marauder  
  192  13:47  Medivac  
  174  13:55  Marine x4  
  163  13:56  Marauder x2, Siege Tank  
  163  13:59  Marine x2, Marauder  
  171  14:03  Medivac  
  171  14:05  Marine  
  171  14:06  Marine  
  171  14:07  Widow Mine  
  171  14:08  Widow Mine, Marauder  
  167  14:17  Medivac  
  167  14:18  Marine x2  
  167  14:19  Marauder  
  171  14:28  Siege Tank  
  171  14:29  Siege Tank x2, Marine  
  181  14:33  Medivac  
  181  14:38  Marine x3  
  181  14:39  Marauder x2  
  181  14:45  Marine x2  
  184  14:47  Medivac  
  184  14:50  Missile Turret  
  182  14:53  Marine  
  182  14:57  Marine  
  184  15:00  Siege Tank  
  184  15:01  Siege Tank x2  
  184  15:02  Neosteel Armor  
  184  15:03  Hi-Sec Auto Tracking, Medivac  
  195  15:09  Marine x2  
  195  15:10  Marauder  
  195  15:12  Marine  
  195  15:13  Marauder  
  199  15:15  SCV  
  200  15:27  Medivac, Marine  
  200  15:33  SCV x2, Marine  
  200  15:34  Marine, Marauder x2  
  198  15:45  Siege Tank  
  197  15:59  Siege Tank  
  180  16:04  Marine, Marauder  
  180  16:05  Medivac, Orbital Command  
  180  16:07  Marine x2, Marauder  
  180  16:08  Marauder, Orbital Command, Planetary Fortress  
  180  16:10  Marauder, Siege Tank, Marine x2  
  190  16:12  Planetary Fortress  
  190  16:14  Marine  
  190  16:16  Marine  
  192  16:21  Missile Turret  
  192  16:23  Marine  
  192  16:24  Marine  
  188  16:26  Marauder  
  188  16:29  Marauder x2  
  188  16:32  Marauder  
  196  16:39  Siege Tank  
  193  16:49  Marine, Marauder  
  173  16:57  Marine, Marauder  
  173  17:00  Marine x8  
  152  17:02  Siege Tank  
  152  17:07  Marine  
  154  17:11  Marauder  
  154  17:15  Marine  
  157  17:18  Marine x3  
  157  17:22  Medivac  
  162  17:25  Marine  
  162  17:26  Marauder  
  161  17:33  Marine x2  
  161  17:34  Marauder x2  
  161  17:35  Marine x2  
Tags
 
Add a new tag
Caveats
  • Supply blocks, unpowered buildings, or Contaminate may cause inaccurate times.
  • Supply counts are checked every 10 seconds.